 Dungeon Crawl Stone Soup version 0.29-a0-994-gc5c9f59d18 (webtiles) character file.

Game seed: 11569858031270107140

920 2tc the Cleaver (level 8, 0/96 HPs)
             Began as a Hill Orc Monk on Aug 3, 2022.
             Was a Priest of Kikubaaqudgha.
             Succumbed to an orc wizard's poison
             ... on level 5 of the Dungeon.
             The game lasted 00:17:21 (7034 turns).

2tc the Cleaver (Hill Orc Monk)                     Turns: 7034, Time: 00:17:21

Health: 0/96       AC: 24    Str: 14    XL:     8   Next: 10%
Magic:  3/8        EV:  2    Int: 10    God:    Kikubaaqudgha [***...]
Gold:   162        SH:  0    Dex: 15    Spells: 6/7 levels left

rFire   + . .      SeeInvis .   a - +0 hand axe
rCold   + . .      Faith    .   (no shield)
rNeg    . . .      Spirit   +   (body armour currently unavailable)
rPois   +          Reflect  .   (helmet currently unavailable)
rElec   +          Harm     .   (cloak currently unavailable)
rCorr   +          Rampage  .   (gloves currently unavailable)
Will    .....      NoTele   +   (boots currently unavailable)
Stlth   ++........              j - amulet of guardian spirit
HPRegen 0.26/turn               l - +4 ring of evasion
MPRegen 0.11/turn               (no ring)

@: mighty, lethally poisoned (0 -> -1), tree-form, resistant
A: stationary, stasis, torment immunity, boosted hp
a: Renounce Religion, Unearth Wretches


You were on level 5 of the Dungeon.
You worshipped Kikubaaqudgha.
Kikubaaqudgha was most pleased with you.
You were a tree.
You visited 2 branches of the dungeon, and saw 6 of its levels.

You collected 258 gold pieces.
You spent 96 gold pieces at shops.

Inventory:

Hand Weapons
 a - a +0 hand axe (weapon)
 d - a +0 broad axe
 g - a +1 whip of electrocution
 p - a +2 dagger of pain
Armour
 b - a +0 robe (melded)
 q - a +1 hat (melded)
Jewellery
 j - an amulet of guardian spirit (around neck)
 l - a +4 ring of evasion (left branch)
Wands
 s - a wand of flame (28)
Scrolls
 k - a scroll of amnesia
 n - a scroll of identify
 t - a scroll of silence
Potions
 h - a potion of flight
 i - 2 potions of brilliance
 m - 3 potions of magic
 o - 2 potions of lignification
 r - a potion of mutation


   Skills:
 - Level 3.6 Fighting
 * Level 12.3 Axes
 - Level 2.4 Dodging
 - Level 1.5 Stealth


You had 6 spell levels left.
You knew the following spells:

 Your Spells              Type           Power      Damage    Failure   Level
a - Necrotise             Necr           0%         1d4       36%         1

Your spell library contained the following spells:

 Spells                   Type           Power      Damage    Failure   Level
 Sublimation of Blood     Necr           0%         N/A       50%         2
 Dazzling Flash           Conj/Hex       0%         N/A       75%         3
 Anguish                  Hex/Necr       0%         N/A       98%         4
 Animate Dead             Necr           0%         N/A       98%         4
 Corpse Rot               Necr/Pois/Air  0%         N/A       98%         4
 Dispel Undead            Necr           0%         3d6       98%         4
 Iskenderun's Mystic Bla  Conj/Tloc      0%         2d3       98%         4
 Agony                    Necr           0%         N/A       100%        5
 Borgnjor's Vile Clutch   Necr/Erth      0%         N/A       100%        5
 Silence                  Hex/Air        0%         N/A       100%        5
 Death Channel            Necr           0%         N/A       100%        6
 Simulacrum               Ice/Necr       0%         N/A       100%        6
 Starburst                Conj/Fire      0%         6d3       100%        6
 Borgnjor's Revivificati  Necr           0%         N/A       100%        8
 Necromutation            Tmut/Necr      0%         N/A       100%        8
 Death's Door             Necr           0%         N/A       100%        9


Dungeon Overview and Level Annotations

Branches:
Dungeon (5/15)             Temple (1/1) D:5

Altars:
Ashenzari
Cheibriados
Dithmenos
Fedhas
Gozag
Hepliaklqana
Kikubaaqudgha
Sif Muna
Trog
Uskayaw
Zin

Shops:
D:4 ??*=   D:5 =


Message History

The orc wizard is moderately wounded.
You barely miss something. You barely miss the scorpion.
* * * LOW HITPOINT WARNING * * *
You feel sick. Something hits you but does no damage.
The orc wizard mumbles some strange words.
The orc wizard flickers and vanishes!
The orc hits you but does no damage.
You barely miss something. You completely miss something.
You closely miss the scorpion.
You feel less confused. The scorpion barely misses you.
You barely miss something. You hit something. Kikubaaqudgha accepts your kill.
Reactivating autopickup.
You feel a bit more experienced.
You hit the scorpion.
* * * LOW HITPOINT WARNING * * *
You feel sick. Something hits you but does no damage.
Deactivating autopickup; reactivate with Ctrl-A.
The orc hits you but does no damage. The scorpion barely misses you.
You miss something. You barely miss the scorpion.
* * * LOW HITPOINT WARNING * * *
You feel sick. The scorpion barely misses you.
Something hits you but does no damage. The orc hits you but does no damage.
You miss something. You barely miss the scorpion.
* * * LOW HITPOINT WARNING * * *
You feel sick.
The scorpion stings you but does no damage.
Something hits you but does no damage. The orc hits you but does no damage.
You slash something! You closely miss the scorpion.
The scorpion stings you but does no damage.
You feel protected.
* * * LOW HITPOINT WARNING * * *
You feel sick.
You hear some strange, mumbled words.
A magic dart appears from out of thin air!
The magic dart hits you but does no damage.
The orc hits you but does no damage.
The scorpion stings you but does no damage.
You closely miss something. You hit the scorpion but do no damage.
You die...
Kikubaaqudgha rasps: "You have failed me!
Welcome... death!"

..............# #......##
......$......# ##.......#
.........##....###..".....#
#.......$..................#
.
#..o##.##...........#.....##
.#
#.#..#.###............<..##
..###...?...#.#o.###.[..)..>#
...#...#..#....)s##..##.....#
#.....#....#...{♣##.#########
##.>o#####)..###)##§#
#.....#......###.#..#
...#...#.....##.....#
..###........##.....# .#
#.#..))......###.# .
#..........### #..#
#..#..####.# #..#
#....#..§....# ##..


You could see a scorpion and an orc.

Vanquished Creatures
  A water moccasin (D:4)
  An ogre (D:5)
  A centaur (D:5)
  A phantom (D:5)
  Blork the orc (D:5)
  2 scorpions
  An orc priest (D:5)
  2 hounds (D:4)
  3 orc wizards
  2 gnolls (D:4)
  6 adders
  2 worms
  2 dart slugs (D:4)
  29 orcs
  5 endoplasms
  2 giant cockroaches
  12 goblins
  13 hobgoblins
  4 jackals (D:3)
  13 kobolds
  6 quokkas
  13 ball pythons
  3 bats
  2 frilled lizards
  5 rats
132 creatures vanquished.

Vanquished Creatures (others)
  A plant (D:4)
1 creature vanquished.

Grand Total: 133 creatures vanquished

Notes
Turn   | Place    | Note
-------+----------+-------------------------------------------
     0 | D:1      | 2tc the Hill Orc Monk began the quest for the Orb.
     0 | D:1      | Reached XP level 1. HP: 19/19 MP: 1/1
   306 | D:1      | Reached XP level 2. HP: 26/26 MP: 2/2
   684 | D:1      | Reached skill level 5 in Axes
  1187 | D:1      | Found a faded altar of an unknown god.
  1356 | D:2      | Reached XP level 3. HP: 17/31 MP: 3/3
  1532 | D:2      | Reached skill level 6 in Axes
  1788 | D:2      | Reached XP level 4. HP: 24/39 MP: 4/4
  3063 | D:3      | Reached skill level 7 in Axes
  3783 | D:3      | Found an ancient bone altar of Kikubaaqudgha.
  3805 | D:3      | Became a worshipper of Kikubaaqudgha
  3805 | D:3      | Reached * piety under Kikubaaqudgha
  3805 | D:3      | Received a gift from Kikubaaqudgha
  3805 | D:3      | Reached ** piety under Kikubaaqudgha
  3808 | D:3      | Learned a level 1 spell: Necrotise
  3931 | D:4      | HP: 1/39 [orc/+0 mace (5)]
  3940 | D:4      | Reached XP level 5. HP: 26/45 MP: 1/5
  4407 | D:4      | Reached skill level 8 in Axes
  4578 | D:4      | Reached XP level 6. HP: 39/51 MP: 6/6
  4690 | D:4      | Found Tuojuibb's Magic Scroll Shoppe.
  4694 | D:4      | Bought a scroll of poison for 48 gold pieces
  4694 | D:4      | Bought a scroll of identify for 24 gold pieces
  4694 | D:4      | Bought a scroll of identify for 24 gold pieces
  4699 | D:4      | Found Wexyinn's Magic Scroll Shop.
  5312 | D:4      | Reached skill level 9 in Axes
  5484 | D:4      | Found a glowing silver altar of Zin.
  5485 | D:4      | Found an opulent altar of Gozag.
  5550 | D:4      | Found a hide-covered altar of Uskayaw.
  5668 | D:4      | Found Sitemoari's Jewellery Emporium.
  5702 | D:4      | Reached *** piety under Kikubaaqudgha
  5702 | D:4      | Received a gift from Kikubaaqudgha
  5977 | D:4      | Found Ullaxtu's Serpentskin Sales.
  5977 | D:4      | Noticed a water moccasin
  6000 | D:4      | Killed a water moccasin
  6001 | D:4      | Reached skill level 10 in Axes
  6124 | D:5      | Entered Level 5 of the Dungeon
  6132 | D:5      | Reached XP level 7. HP: 44/57 MP: 7/7
  6412 | D:5      | Found Zava's Jewellery Boutique.
  6462 | D:5      | Noticed Blork the orc
  6472 | D:5      | Killed Blork the orc
  6473 | D:5      | Reached skill level 11 in Axes
  6525 | D:5      | Found a staircase to the Ecumenical Temple.
  6531 | Temple   | Entered the Ecumenical Temple
  6988 | D:5      | Reached skill level 12 in Axes
  6988 | D:5      | Reached XP level 8. HP: 61/64 MP: 8/8
  7027 | D:5      | HP: 4/96 [poisoned by an orc wizard]
  7033 | D:5      | HP: 1/96 [poisoned by an orc wizard]
  7034 | D:5      | Succumbed to an orc wizard's poison

Illustrated notes

Levels and vault maps discovered:
D:1:      dpeg_arrival_round_b, layout_loops_corners,
          shapermc_ecumenical_altar_flowoftime
D:2:      layout_rooms, nicolae_figureground_sparkle
D:3:      layout_loops_corners, lemuel_tele_altar, roderic_serpentine_path
D:4:      corexii_shantytown, layout_loops_corners,
          grunt_temple_overflow_gold_and_silver, lemuel_doored_altar,
          serial_shops, kennysheep_mini_moat, nicolae_stop_n_shop_2,
          nicolae_shop_trees, guppyfry_shop_venom
D:5:      layout_rooms, mainiacjoe_overflow_boulevard,
          minmay_temple_entry_arrows, serial_shops, nicolae_shop_hallway_stairs,
          uniq_blork_the_orc
Temple:   hellmonk_temple_beads

Skill      XL: |  1  2  3  4  5  6  7 |
---------------+----------------------+-----
Axes           | 5 6 7 8 10 12 | 12.3
Fighting       | |  3.6
Dodging        | |  2.4
Stealth        | |  1.5

Action                   |  1- 3 |  4- 6 |  7- 9 || total
-------------------------+-------+-------+-------++-------
Melee: Hand axe          |    88 |   398 |   109 ||   595
       Punch             |     2 |     6 |     2 ||    10
  Use: Scroll            |     4 |    10 |     2 ||    16
       Potion            |       |     6 |     5 ||    11
 Stab: Sleeping          |     5 |    11 |     1 ||    17
       Distracted        |       |     1 |       ||     1
Armor: Robe              |    15 |    44 |    14 ||    73
       Skin              |       |       |    38 ||    38
Dodge: Dodged            |    66 |   255 |    80 ||   401

Table legend: (Time is in decaauts)
 A = Elapsed time spent in this place.
 B = Non-inter-level travel time spent in this place.
 C = Inter-level travel time spent in this place.
 D = Time resting spent in this place.
 E = Time spent auto-exploring this place.
 F = Levels seen in this place.
 G = Mean time per level.
                   A        B        C        D        E       F      G
               +--------+--------+--------+--------+--------+-----+--------+
         Total |   6971 |   6812 |    159 |   1026 |   4675 |   6 | 1161.8 |
       Dungeon |   6862 |   6715 |    147 |   1026 |   4585 |   5 | 1372.4 |
        Temple |    109 |     97 |     12 |      0 |     90 |   1 |  109.0 |
               +--------+--------+--------+--------+--------+-----+--------+

Top non-repeatable levels by time:
     D:4: 2459 daAuts
     D:1: 1366 daAuts
     D:3: 1359 daAuts
     D:2: 1094 daAuts
     D:5: 582 daAuts
  Temple: 109 daAuts
